 Dungeon Crawl Stone Soup version 0.32-a0-433-g08bcfe7efd (webtiles) character file.

Game seed: 3343013752815218392

50 cforsyth the Slasher (level 3, -7/28 HPs)
             Began as a Coglin Gladiator on Feb 22, 2024.
             Mangled by Terence
             ... wielding a +1 flail of protection
              (9 damage)
             ... on level 3 of the Dungeon.
             The game lasted 00:02:21 (1639 turns).

cforsyth the Slasher (Coglin Gladiator)             Turns: 1639, Time: 00:02:24

Health: -7/28      AC:  8    Str: 14    XL:     3   Next: 79%
Magic:  3/3        EV: 13    Int:  7    God:
Gold:   98         SH:  0    Dex: 23    Spells: 2/2 levels left

rFire   . . .        a - +0 long sword {Kulveer}
rCold   . . .        (no shield)
rNeg    . . .        b - +0 leather armour
rPois   .            c - +0 helmet
rElec   .            (no cloak)
rCorr   .            (no gloves)
SInv    .            (no boots)
Will    .....        (no amulet)
Stlth   ++           D - +6 ring of dexterity
HPRegen 0.24/turn    T - +4 ring of protection
MPRegen 0.08/turn

%: no passive effects
@: immotile, revved
A: off-hand wielding, slow wielding, warmup strikes, legs shutdown
a: no special abilities


You were on level 3 of the Dungeon.
You visited 1 branch of the dungeon, and saw 3 of its levels.

You collected 98 gold pieces.


Innate Abilities, Weirdness & Mutations

You can wield a second weapon in your off-hand.
It takes a long time for you to wield or remove held weapons.
Your first few attacks do less damage.
Attacking and casting redirects power from your legs.


   Skills:
 + Level 2.8 Fighting
 + Level 3.5 Long Blades
 - Level 1.7 Throwing
 + Level 1.5 Armour
 - Level 2.6 Dodging


You had 2 spell levels left.
You didn't know any spells.
Your spell library contained the following spells:

 Spells                   Type           Power      Damage    Failure   Level
 Freeze                   Ice            0%         1d3       50%         1
 Frozen Ramparts          Ice            0%         1d1       86%         3
 Hailstorm                Conj/Ice       0%         3d5       86%         3

Inventory:

Hand Weapons
 a - a +0 long sword (weapon) {Kulveer}
Missiles
 d - 3 throwing nets (quivered) {=f}
 e - a javelin
Armour
 b - a +0 leather armour (worn)
 c - a +0 helmet (worn)
Jewellery
 D - a +6 ring of dexterity (left grasper)
 F - a ring of fire
 T - a +4 ring of protection (right grasper)
Scrolls
 f - a scroll of fog {unknown}
 g - 3 scrolls of vulnerability {unknown}
 h - a scroll of blinking {unknown}
 j - a scroll of poison {unknown}
 m - a scroll of fear {unknown}
 n - a scroll of identify {unknown}
 p - 3 scrolls of teleportation {unknown}
 s - a scroll of enchant armour {unknown}
Potions
 i - 2 potions of brilliance {unknown}
 k - 2 potions of degeneration {unknown}
 l - a potion of heal wounds {unknown}
 o - a potion of lignification {unknown}
 q - a potion of resistance {unknown}
 r - 2 potions of might {unknown}
 t - a potion of magic {unknown}
 u - a potion of mutation {unknown}

Dungeon Overview and Level Annotations

Branches:
Dungeon (3/15)

Altars:

Annotations:
D:3 Terence

##.#.# ##.#... ##
...###... . ..)##
.... ##. ....# #.#
#.. ....# .. #.#
....# ##>######
...## ###.@.....#
...# #.!.@..# .###
#.#..#.# .# # #..$.#
.# #.#.##.# # ##
#.....(##.# ###
###.......#
##.###########.####
#####..............#
.........#.#########


You could see Terence.


Message History

Terence hits you with a +1 flail of protection.
* * * LOW HITPOINT WARNING * * *
You are too injured to fight recklessly!
You are too injured to fight recklessly!
You are too injured to fight recklessly!
You are too injured to fight recklessly!
You are too injured to fight recklessly!
You are too injured to fight recklessly!
You are too injured to fight recklessly!
You are too injured to fight recklessly!
You are too injured to fight recklessly!
You hit Terence.
Terence is almost dead.
Terence misses you.
You barely miss Terence.
Terence is almost dead.
Terence says, "You're history."
Terence closely misses you.
You barely miss Terence.
Terence is almost dead.
Terence says, "How do you enjoy it?"
Terence hits you with a +1 flail of protection!
* * * LOW HITPOINT WARNING * * *
You hit Terence but do no damage.
Terence is almost dead.
Terence hits you with a +1 flail of protection.
* * * LOW HITPOINT WARNING * * *
Terence hits you with a +1 flail of protection!
You die...
Terence says, "That felt goooood."

Skill      XL: |  1  2 |
---------------+-------+-----
Armour         | 1 |  1.5
Fighting       | |  2.8
Long Blades    | |  3.5
Throwing       | |  1.7
Dodging        | |  2.6

Action                     || total
---------------------------++-------
  Melee: Long sword        ||   105
   Stab: Sleeping          ||     1
 Armour: Leather armour    ||    49
  Dodge: Dodged            ||    79

Levels and vault maps discovered:
D:1:      dpeg_arrival_rooms_with_view, layout_basic
D:2:      layout_loops_corners, minmay_tromino_v4_b
D:3:      layout_loops_cross, nicolae_qazlal_scattered_showers,
          basic_ecumenical_altar, minmay_misc_feat_encased, feat_on_display,
          uniq_jessica, uniq_terence

Notes
Turn   | Place    | Note
-------+----------+-------------------------------------------
     0 | D:1      | cforsyth the Coglin Gladiator began the quest for the Orb.
     0 | D:1      | Reached XP level 1. HP: 16/16 MP: 1/1
   122 | D:1      | Reached XP level 2. HP: 18/22 MP: 2/2
   230 | D:1      | Reached skill level 1 in Armour
   789 | D:2      | Reached XP level 3. HP: 28/28 MP: 3/3
  1608 | D:3      | Noticed Terence
  1639 | D:3      | HP: 2/28 [Terence/+1 flail of protection (3)]
  1639 | D:3      | Mangled by Terence

Vanquished Creatures
  An adder (D:2)
  2 dart slugs (D:1)
  A ribbon worm (D:2)
  2 bats (D:1)
  3 endoplasms
  A giant cockroach (D:1)
  6 goblins
  A hobgoblin (D:1)
  2 jackals (D:2)
  2 quokkas
  A ball python (D:1)
  3 frilled lizards
  3 kobolds
  5 rats
33 creatures vanquished.

Table legend: (Time is in decaauts)
 A = Elapsed time spent in this place.
 B = Non-inter-level travel time spent in this place.
 C = Inter-level travel time spent in this place.
 D = Time resting spent in this place.
 E = Time spent auto-exploring this place.
 F = Levels seen in this place.
 G = Mean time per level.
                   A        B        C        D        E       F      G
               +--------+--------+--------+--------+--------+-----+--------+
         Total |   1661 |   1612 |     49 |      0 |   1316 |   3 |  553.7 |
       Dungeon |   1661 |   1612 |     49 |      0 |   1316 |   3 |  553.7 |
               +--------+--------+--------+--------+--------+-----+--------+

Top non-repeatable levels by time:
     D:2: 879 daAuts
     D:1: 687 daAuts
     D:3: 94 daAuts

Table legend:
 A = Non-vault XP
 B = Vault XP
 C = Vault XP percentage of total XP
 D = Non-vault monster count
 E = Vault monster count
 F = Vault count percentage of total count
                 A         B        C        D         E       F
            +---------+---------+-------+---------+---------+-------
      Total |      64 |       8 |  11.1 |      30 |       3 |   9.1
            +---------+---------+-------+---------+---------+-------
        D:1 |      25 |       6 |  19.4 |      16 |       2 |  11.1
        D:2 |      37 |       2 |   5.1 |      13 |       1 |   7.1
        D:3 |       2 |       0 |   0.0 |       1 |       0 |   0.0
            +---------+---------+-------+---------+---------+-------
